 Dungeon Crawl Stone Soup version 0.17.0-28-g6e173f8 (webtiles) character file.

85 ketsa the Sneak (level 4, 0/23 HPs)
             Began as a Vine Stalker Assassin on Nov 29, 2015.
             Slain by a gnoll
             ... wielding a +0 flail
              (3 damage)
             ... on level 2 of the Dungeon.
             The game lasted 00:06:03 (1648 turns).

ketsa the Sneak (Vine Stalker Assassin)             Turns: 1648, Time: 00:06:04

Health: 0/23       AC:  4    Str: 13    XL:     4   Next: 48%
Magic:  0/5        EV: 12    Int: 11    God:
Gold:   75         SH:  0    Dex: 17    Spells: 0 memorised, 3 levels left

rFire  . . .     SeeInvis .     a - +2 dagger
rCold  + . .     Clarity  .     c - +0 robe
rNeg   . . .     SustAt   .     (no shield)
rPois  .         Gourm    .     (no helmet)
rElec  .         Spirit   +     d - +0 cloak
rCorr  .         Warding  .     (no gloves)
rMut   .         Stasis   .     (no boots)
MR     .....                    (no amulet)
Stlth  ++++......               u - ring of stealth
                                w - ring of protection from cold

@: not resistant to hostile enchantments, stealthy
A: fangs 2, rugged brown scales 1, blurry vision 1, regeneration 1, magic
shield, antimagic bite, no device heal 3, rot immunity
a: no special abilities


You were on level 2 of the Dungeon.
You were not hungry.

You visited 1 branch of the dungeon, and saw 3 of its levels.

You collected 75 gold pieces.

Inventory:

Hand Weapons
 a - a +2 dagger (weapon)
 b - a +0 blowgun
 k - a cursed -2 hand axe
 l - a +0 short sword
 r - a cursed -3 hand axe
 v - a cursed -1 blowgun
Missiles
 e - 19 poisoned needles
 f - 2 curare-tipped needles
Armour
 c - a +0 robe (worn)
 d - a +0 cloak (worn)
Jewellery
 h - an uncursed ring of magical power
 u - a ring of stealth (right hand)
 w - a ring of protection from cold (left hand)
Scrolls
 i - 2 scrolls of fear {unknown}
 j - 3 scrolls of identify {unknown}
 m - a scroll of fog {unknown}
 x - a scroll of enchant weapon {unknown}
Potions
 n - a potion of mutation
 o - a potion of curing
 p - a potion of magic {unknown}
 q - a potion of agility {unknown}
Comestibles
 g - 2 bread rations
 t - a beef jerky


   Skills:
 + Level 2.4 Fighting
 * Level 3.0 Short Blades
 - Level 1.7 Throwing
 + Level 1.7 Dodging
 + Level 5.2 Stealth


You had 3 spell levels left.
You didn't know any spells.

Dungeon Overview and Level Annotations

Branches:
Dungeon (3/15)

Altars:

Annotations:
D:3 PeterLawrence's ghost, amateur GrFi


Innate Abilities, Weirdness & Mutations

You have extremely sharp teeth.
Your natural rate of healing is unusually fast.
When hurt, damage is shared between your health and your magic reserves.
Your bite disrupts and absorbs the magic of your enemies.
Potions and wands cannot restore your health.
You are immune to rotting.
You are partially covered in rugged brown scales (AC +1, +3% HP).
Scrolls take you a little longer to read.


Message History

The gnoll hits you with a flail.
Things that are here:
an enchanted whip; a gnoll corpse You hit the gnoll.
You bite the gnoll. You drain its power.
You feel invigorated.
The gnoll is lightly wounded.
The gnoll hits you with a flail!
You hit the gnoll but do no damage.
The gnoll is lightly wounded.
The gnoll closely misses you.
You hit the gnoll.
The gnoll is moderately wounded.
You hit the gnoll. Your bite misses the gnoll.
The gnoll is moderately wounded.
The gnoll hits you with a flail!
* * * LOW HITPOINT WARNING * * *
You barely miss the gnoll. Your bite misses the gnoll.
The gnoll is moderately wounded.
The gnoll hits you with a flail.
You die...

.....# #.#
....)# #.#
.....# #.#
##+##
#.#######.#
#...#
..........#
#...#
...########
#...# #......#
...#
#...####......#
...#
#.............
...# #..@.#
#.g...## ...#
##g#)# #......
...# #.#.#
#..%.# ...#
#.#.###....#
####
#.#........#
#.#.....####
#.#.....#
#.#..>..#
#.....#


You could see a gnoll.

Vanquished Creatures
  A worker ant zombie (D:3)
  2 adders
  2 gnolls (D:2)
  3 orcs
  A giant cockroach (D:3)
  3 goblins (D:1)
  3 hobgoblins
  10 kobolds
  A quokka (D:2)
  7 bats
  4 giant newts
  5 rats
42 creatures vanquished.

Notes
Turn   | Place    | Note
--------------------------------------------------------------
     0 | D:1      | ketsa the Vine Stalker Assassin began the quest for the Orb.
     0 | D:1      | Reached XP level 1. HP: 11/11 MP: 2/2
    97 | D:1      | Reached skill level 1 in Dodging
   209 | D:1      | Reached XP level 2. HP: 12/15 MP: 3/3
   630 | D:1      | Reached XP level 3. HP: 7/18 MP: 4/4
   631 | D:1      | Gained mutation: Scrolls take you a little longer to read. [potion of mutation]
   631 | D:1      | Gained mutation: You are partially covered in rugged brown scales (AC +1, +3% HP). [potion of mutation]
  1015 | D:3      | Reached skill level 5 in Stealth
  1015 | D:3      | Reached XP level 4. HP: 11/23 MP: 5/5
  1272 | D:3      | Found a faded altar to an unknown god.
  1301 | D:3      | Noticed PeterLawrence's ghost (amateur GrFi)
  1352 | D:2      | HP: 1/23 [orc/war axe (5)]
  1648 | D:2      | Slain by a gnoll

Action                   |  1- 3 |  4- 6 || total
-------------------------+-------+-------++-------
Melee: Dagger            |    96 |    41 ||   137
  Use: Potion            |     1 |     1 ||     2
 Stab: Sleeping          |     8 |     3 ||    11
  Eat: Chunk             |       |     2 ||     2
